 Dungeon Crawl Stone Soup version 0.24.0-125-gc4c63601f3 (webtiles) character file.

Game seed: 14201510631954109259, levelgen mode: deterministic

5690 Peloso the Carver (level 10, -3/88 HPs)
             Began as a Minotaur Fighter on Feb 20, 2020.
             Was an Elder of Okawaru.
             Killed from afar by an electric eel (7 damage)
             ... with a bolt of electricity
             ... on level 10 of the Dungeon.
             The game lasted 00:21:17 (8953 turns).

Peloso the Carver (Minotaur Fighter)                Turns: 8953, Time: 00:21:17

Health: -3/88      AC: 14    Str: 22    XL:     10   Next: 47%
Magic:  9/9        EV:  7    Int:  5    God:    Okawaru [****..]
Gold:   568        SH: 12    Dex: 12    Spells: 9/9 levels left

rFire    . . .     SeeInvis .   a - +3 scimitar (flame)
rCold    . . .     Gourm    +   c - +0 shield
rNeg     + . .     Faith    .   m - +0 plate armour
rPois    .         Spirit   .   (helmet restricted)
rElec    .         Reflect  .   u - scarf {repulsion}
rCorr    .         Harm     .   (no gloves)
MR       .....                  (no boots)
Stlth    ..........             s - amulet of the gourmand
HPRegen  0.24/turn              r - ring of positive energy
MPRegen  0.11/turn              y - ring of wizardry

@: repel missiles
A: retaliatory headbutt, horns 2
a: Heroism, Renounce Religion


You were on level 10 of the Dungeon.
You worshipped Okawaru.
Okawaru was greatly pleased with you.
You were not hungry.

You visited 2 branches of the dungeon, and saw 11 of its levels.
You also visited: Sewer.

You collected 568 gold pieces.

Inventory:

Hand Weapons
 a - a +3 scimitar of flaming (weapon)
Armour
 c - a +0 shield (worn)
 m - a +0 plate armour (worn)
 n - a +0 scale mail
 u - a scarf of repulsion (worn)
Jewellery
 h - an uncursed ring of protection from cold
 j - an uncursed ring of ice {unknown}
 r - a ring of positive energy (left hand)
 s - an amulet of the gourmand (around neck)
 y - a ring of wizardry (right hand)
 H - a +5 ring of evasion
Wands
 i - a wand of enslavement (11)
 w - a wand of clouds (9)
Scrolls
 e - 3 scrolls of identify
 l - 6 scrolls of teleportation
 o - 2 scrolls of magic mapping
 x - a scroll of vulnerability {unknown}
 A - 2 scrolls of random uselessness {unknown}
 B - a scroll of immolation {unknown}
 C - a scroll of noise {unknown}
 E - a scroll of amnesia
 I - a scroll of enchant weapon {unknown}
Potions
 b - a potion of lignification {unknown}
 d - 5 potions of might
 g - 2 potions of agility
 k - a potion of magic
 p - a potion of curing
 q - a potion of invisibility {unknown}
 t - 2 potions of cancellation {unknown}
 v - a potion of resistance {unknown}
 z - a potion of berserk rage {unknown}
 D - a potion of brilliance {unknown}
 F - a potion of haste {unknown}
 G - 2 potions of degeneration {unknown}
Comestibles
 f - 14 rations


   Skills:
 + Level 7.8 Fighting
 + Level 11.1 Long Blades
 + Level 9.7 Armour
 + Level 3.5 Dodging
 + Level 10.0 Shields
 + Level 0.3 Invocations


You had 9 spell levels left.
You didn't know any spells.
Your spell library contained the following spells:

 Spells                   Type           Power        Failure   Level  Hunger
 Confusing Touch          Hex            #.....       99%         1    ##.....
 Sandblast                Erth           #.....       99%         1    ##.....
 Passwall                 Tmut/Erth      #.......     100%        2    ###....
 Confuse                  Hex            #.......     100%        3    ####...
 Gell's Gravitas          Tloc           #.........   100%        3    ####...
 Stone Arrow              Conj/Erth      #.....       100%        3    ####...
 Petrify                  Tmut/Erth      #.......     100%        4    #####..
 Irradiate                Conj/Tmut      #.........   100%        5    ######.
 Lee's Rapid Deconstruct  Erth           #.........   100%        5    ######.
 Metabolic Englaciation   Hex/Ice        #.........   100%        5    ######.
 Yara's Violent Unravell  Hex/Tmut       #.........   100%        5    ######.
 Hydra Form               Tmut           #.........   100%        6    #######
 Statue Form              Tmut/Erth      #........    100%        6    #######
 Dragon Form              Tmut           #.........   100%        7    #######


Dungeon Overview and Level Annotations

Branches:
Dungeon (10/15)            Temple (1/1) D:4            Lair (0/6) D:8
  Sewer (visited)
    Orc: D:9-12

Altars:
Ashenzari
Cheibriados
Dithmenos
Elyvilon
Fedhas
Gozag
Kikubaaqudgha
Makhleb
Nemelex Xobeh
Okawaru
Qazlal
Ru
Sif Muna
Uskayaw
Vehumet
Wu Jian
Yredelemnul
Zin
The Shining One

Annotations:
D:5 2 transporters


Innate Abilities, Weirdness & Mutations

You reflexively headbutt those who attack you in melee.
You have a pair of horns on your head.


Message History

* * * LOW HITPOINT WARNING * * *
The electric eel shoots out a bolt of lightning at you!
The bolt of electricity hits the electric eel.
The electric eel completely resists.
The bolt of electricity hits you.
* * * LOW HITPOINT WARNING * * *
You hit the electric eel. You burn the electric eel.
You kill the electric eel!
Okawaru accepts your kill.
You hear a splash.
Unknown command.
The electric eel shoots out a bolt of lightning at you!
The bolt of electricity hits you!
* * * LOW HITPOINT WARNING * * *
The electric eel shoots out a bolt of lightning at you!
The bolt of electricity hits the electric eel.
The electric eel completely resists.
The bolt of electricity hits you!
* * * LOW HITPOINT WARNING * * *
The electric eel shoots out a bolt of lightning at you!
The bolt of electricity hits you!
You die...

#......♣....########.#..
#.#.#.####.## #.... #)#.#.#
#.#########.#.. #)#.#)#
#.#.<.......#..
#)#.#.####.#.#######.#.. #)#.#
#.....#......#.### #)#..
#.##.#.####.#..# ≈♣♣####(###
#.##.#.###.###.## ♣≈P...#.#
#@##.#....## ##.# P≈P.....#
#.##.#.....###.## ≈≈P..?#)#
#.##.##.#.#.#.####
P≈....#.♣♣♣♣♣.......#..÷......
P≈... #≈≈P≈≈♣†...####.....###.
♣♣P## ♣≈≈≈♣≈≈♣#### #.........
## ♣P≈≈≈≈;≈≈### ##....##..
#♣♣≈♣≈;♣;≈♣≈.. ...#.## .
♣≈PP≈≈≈≈P≈P♣## #####.#


You could see 2 electric eels.

Vanquished Creatures
  Erica (D:9)
  A guardian serpent (shapeshifter) (D:10)
  A hippogriff (D:7)
  A wyvern (D:8)
  2 hungry ghosts
  2 orc warriors (D:10)
  2 sky beasts
  An ice beast (D:6)
  A black bear (D:9)
  A necrophage (D:8)
  A phantom (D:4)
  A crocodile (D:10)
  5 ogres
  8 big kobolds
  4 bullfrogs
  7 scorpions
  A water moccasin skeleton (D:6)
  2 electric eels (D:10)
  5 howler monkeys
  5 crimson imps
  A bullfrog zombie (D:9)
  4 hounds
  A jelly (D:8)
  3 bullfrog skeletons
  3 orc priests
  A centaur skeleton (D:7)
  3 iguanas
  7 orc wizards
  6 worker ants
  A worker ant zombie (D:8)
  2 gnolls (D:1)
  2 howler monkey skeletons
  20 adders
  7 river rats
  A shadow imp (D:7)
  2 oozes
  An adder zombie (D:8)
  An adder skeleton (D:5)
  5 worms
  2 dart slugs
  4 leopard geckos
  37 orcs
  8 giant cockroaches
  9 goblins
  12 hobgoblins
  15 jackals
  6 quokkas
  2 ball pythons
  8 bats
  11 frilled lizards
  16 kobolds
  A leopard gecko zombie (D:5)
  A quokka skeleton (D:5)
  13 rats
  A spectral orc (D:4)
  6 plants (D:10)
275 creatures vanquished.

Vanquished Creatures (others)
  An adder skeleton (D:10)
  A kobold (D:10)
  A plant (D:10)
3 creatures vanquished.

Grand Total: 278 creatures vanquished

Notes
Turn   | Place    | Note
-------+----------+-------------------------------------------
     0 | D:1      | Peloso the Minotaur Fighter began the quest for the Orb.
     0 | D:1      | Reached XP level 1. HP: 19/19 MP: 0/0
   119 | D:1      | Reached XP level 2. HP: 27/27 MP: 1/1
   249 | D:1      | Reached XP level 3. HP: 15/33 MP: 2/2
   301 | D:1      | Reached skill level 3 in Long Blades
   963 | D:2      | Reached XP level 4. HP: 40/40 MP: 3/3
   973 | D:2      | You fall into a shaft and drop 2 floors!
  1029 | D:4      | Found a staircase to the Ecumenical Temple.
  1053 | D:4      | Reached skill level 5 in Shields
  1053 | D:4      | Reached XP level 5. HP: 10/47 MP: 4/4
  1249 | D:4      | Found a glowing drain.
  1256 | Sewer    | Entered a sewer
  1283 | Sewer    | Reached skill level 4 in Long Blades
  1367 | Sewer    | Reached skill level 1 in Dodging
  1442 | Sewer    | Reached skill level 5 in Armour
  1442 | Sewer    | Reached XP level 6. HP: 48/53 MP: 5/5
  1517 | Sewer    | Reached skill level 5 in Long Blades
  1661 | Sewer    | Reached XP level 7. HP: 46/60 MP: 6/6
  1763 | Sewer    | Reached skill level 5 in Fighting
  2055 | D:4      | Reached skill level 6 in Long Blades
  2240 | D:3      | Found an ornate altar of the Wu Jian Council.
  2475 | D:3      | Found a stormy altar of Qazlal.
  2603 | D:3      | Found a sparkling altar of Nemelex Xobeh.
  2948 | D:2      | Found a blossoming altar of Fedhas.
  3128 | D:2      | Found a radiant altar of Vehumet.
  3658 | Temple   | Entered the Ecumenical Temple
  3676 | Temple   | Became a worshipper of Warmaster Okawaru
  3730 | D:4      | Reached XP level 8. HP: 37/68 MP: 7/7
  3775 | D:4      | Found a basalt altar of Yredelemnul.
  3937 | D:4      | Reached skill level 7 in Long Blades
  4232 | D:5      | Entered Level 5 of the Dungeon
  4356 | D:5      | Found a transporter.
  4375 | D:5      | Found a transporter.
  4671 | D:5      | Found a shimmering blue altar of Sif Muna.
  5161 | D:6      | Reached * piety under Okawaru
  5263 | D:6      | Reached skill level 8 in Long Blades
  5564 | D:6      | Reached XP level 9. HP: 68/75 MP: 8/8
  5813 | D:7      | Reached ** piety under Okawaru
  5816 | D:7      | Reached skill level 9 in Long Blades
  6268 | D:8      | Found a staircase to the Lair.
  6482 | D:8      | Reached *** piety under Okawaru
  6857 | D:9      | Reached skill level 10 in Long Blades
  7085 | D:9      | Found an opulent altar of Gozag.
  7155 | D:9      | Noticed Erica
  7177 | D:9      | Killed Erica
  7177 | D:9      | Reached XP level 10. HP: 37/86 MP: 6/9
  7717 | D:10     | Entered Level 10 of the Dungeon
  7745 | D:10     | Noticed a guardian serpent
  7754 | D:10     | Killed a guardian serpent
  8291 | D:10     | Reached skill level 10 in Shields
  8367 | D:10     | Reached **** piety under Okawaru
  8398 | D:10     | Reached skill level 11 in Long Blades
  8584 | D:10     | HP: 3/88 [electric eel/bolt of electricity (9)]
  8952 | D:10     | HP: 4/88 [electric eel/bolt of electricity (8)]
  8953 | D:10     | Killed from afar by an electric eel

Levels and vault maps discovered:
D:1:      wander_arrival_estate, layout_loops_corners
D:2:      minmay_chambers_of_ones, layout_loops_ring, overflow_temple_1_default,
          minivault_11, fedhas_altar_1
D:3:      layout_loops_cross, nemelex_xobeh_ov_fountains_minmay,
          nicolae_overflow_crystal_walls, first_ration,
          nicolae_qazlal_general_emergency
D:4:      layout_rooms, yredelemnul_forgotten_temple_becter,
          minmay_temple_entry_proselytizer, lightli_sewer_entry_pipes,
          st_stairs_3, palyth_stone_intersect, minmay_misc_feat_nine_boxes
D:5:      gammafunk_steamed_eel, layout_cave_pods, kennysheep_mini_moat,
          kennysheep_generic_room_6
D:6:      minmay_goblin_kobold_castle, layout_basic,
          regret_index_temple_of_mockery
D:7:      layout_rooms
D:8:      layout_loops_ring, lair_entry_dummy
D:9:      layout_cave_pools, nicolae_gozag_seed_capital,
          minmay_fractal_squares_gapless_5, uniq_erica
D:10:     layout_loops_ring, serial_bayou, serial_bayou_pond_c,
          serial_bayou_ford_a, serial_bayou_lake_a, serial_bayou_shore_b,
          grunt_tengu_nest, serial_bayou_pond_b, feat_on_display
Temple:   cyrus_circular_temple

Skill      XL: |  1  2  3  4  5  6  7  8  9 10 |
---------------+-------------------------------+-----
Armour         | 4 5 6 7 9 |  9.7
Fighting       | 4 5 6 7 |  7.8
Shields        | 4 5 6 8 9 10 | 10.0
Long Blades    | 3 4 5 6 8 10 11 | 11.1
Dodging        | 1 2 3 |  3.5
Invocations    | |  0.3

Action                   |  1- 3 |  4- 6 |  7- 9 | 10-12 || total
-------------------------+-------+-------+-------+-------++-------
Melee: Long sword        |    71 |   118 |   664 |       ||   853
       Headbutt          |     8 |    22 |   129 |    42 ||   201
       Scimitar          |       |       |       |   137 ||   137
Invok: Heroism           |       |       |     2 |       ||     2
Evoke: Wand              |       |       |       |     2 ||     2
  Use: Scroll            |       |       |     9 |     1 ||    10
       Potion            |       |       |     1 |     2 ||     3
  Eat: Chunk             |       |     2 |    17 |     8 ||    27
       Ration            |       |       |     2 |     1 ||     3
Armor: Scale mail        |    29 |    48 |    21 |       ||    98
       Chain mail        |       |       |   265 |    11 ||   276
       Plate armour      |       |       |       |    16 ||    16
Dodge: Dodged            |    23 |    41 |   127 |    16 ||   207
       Deflected         |       |       |     6 |     3 ||     9
Block: Shield            |    38 |    61 |   367 |    39 ||   505
       Rpst.: Long sword |     5 |    10 |    40 |       ||    55
       Scimitar          |       |       |       |     1 ||     1
